 Dungeon Crawl Stone Soup version 0.28-b1-25-g9875b3fc8c (webtiles) character file.

Game seed: 5446891373184644589

1615 Armakuni the Twirler (level 8, 0/51 HPs)
             Began as a Deep Elf Gladiator on Feb 5, 2022.
             Was a Follower of Elyvilon.
             Slain by Menkaure (9 damage)
             ... on level 6 of the Dungeon.
             The game lasted 00:19:06 (8782 turns).

Armakuni the Twirler (Deep Elf Gladiator)           Turns: 8782, Time: 00:19:07

Health: 0/51       AC:  7    Str: 13    XL:     8   Next: 64%
Magic:  12/13      EV: 17    Int: 14    God:    Elyvilon [*.....]
Gold:   48         SH:  0    Dex: 16    Spells: 7/7 levels left

rFire   . . .      SeeInvis .   a - +1 quarterstaff
rCold   . . .      Faith    .   (shield currently unavailable)
rNeg    . . .      Spirit   .   h - +0 leather armour
rPois   .          Reflect  .   (helmet restricted)
rElec   .          Harm     .   (no cloak)
rCorr   .          Rampage  .   (no gloves)
Will    .....      Clarity  +   (no boots)
Stlth   +.........              (no amulet)
HPRegen 0.17/turn               E - +4 ring of evasion
MPRegen 0.13/turn               P - +4 ring of protection

@: no status effects
A: antennae 2, clarity
a: Renounce Religion, Purification


You were on level 6 of the Dungeon.
You worshipped Elyvilon.
Elyvilon was aware of your devotion.
You visited 2 branches of the dungeon, and saw 7 of its levels.

You collected 168 gold pieces.
You spent 120 gold pieces at shops.

Inventory:

Hand Weapons
 a - a +1 quarterstaff (weapon)
 b - the +4 whip "Danoadec" {venom, rElec rF+ rC+}
   (You bought it in a shop on level 2 of the Dungeon)

   It poisons the flesh of those it strikes.
   rF:        It protects you from fire.
   rC:        It protects you from cold.
   rElec:     It insulates you from electricity.
Armour
 c - a +0 helmet
 d - a +0 helmet
 g - a +0 ring mail
 h - a +0 leather armour (worn)
 i - a +0 scale mail
 j - a +0 buckler
Magical Staves
 r - a staff of poison
Jewellery
 E - a +4 ring of evasion (left hand)
 P - a +4 ring of protection (right hand)
 W - a ring of willpower
Wands
 f - a wand of polymorph (2)
Scrolls
 l - a scroll of fog
 o - a scroll of amnesia
 s - a scroll of magic mapping
Potions
 e - a potion of resistance
 k - a potion of brilliance
 t - a potion of magic
 X - 3 potions of mutation


   Skills:
 + Level 5.7 Fighting
 + Level 7.3 Staves
 - Level 2.0 Throwing
 - Level 3.6 Dodging
 + Level 4.7 Invocations
 - Level 3.4 Evocations


You had 7 spell levels left.
You didn't know any spells.
Your spell library was empty.

Dungeon Overview and Level Annotations

Branches:
Dungeon (6/15)             Temple (1/1) D:5

Altars:
Ashenzari
Cheibriados
Dithmenos
Elyvilon
Fedhas
Gozag
Hepliaklqana
Kikubaaqudgha
Makhleb
Nemelex Xobeh
Okawaru
Qazlal
Ru
Sif Muna
Trog
Uskayaw
Vehumet
Wu Jian
Xom
Yredelemnul
Zin
The Shining One

Shops:
D:2 (   D:6 =

Annotations:
D:4 1 runed translucent door, Crazy Yiuf
D:6 Menkaure


Innate Abilities, Weirdness & Mutations

You have a pair of antennae on your head.
You possess an exceptional clarity of mind.


Message History

The light of Elyvilon fails to reach Menkaure.
You can no longer heal and attempt to pacify others.
Okay, then.
Unknown command.
Okay, then.
Okay, then.
Okay, then.
Unknown command.
Okay, then.
The +4 whip "Danoadec" {venom, rElec rF+ rC+} stops dripping with poison.
a - a +1 quarterstaff (weapon)
Okay, then.
Okay, then.
Okay, then.
Okay, then.
Okay, then.
Okay, then.
Your library has no spells.
You don't know any spells.
Unknown command.
A centaur skeleton comes into view.
Menkaure completely misses you.
The centaur skeleton moves out of view.
You hit Menkaure but do no damage. Menkaure closely misses you.
You closely miss Menkaure. Menkaure misses you.
Menkaure shouts, "You disturbed my rest!
Die!"
Menkaure hits you!
* * * LOW HITPOINT WARNING * * *
You barely miss Menkaure. Menkaure completely misses you.
You hit Menkaure but do no damage. Menkaure misses you.
Menkaure calls on the powers of darkness!
Your body is wracked with pain!
* * * LOW HITPOINT WARNING * * *
You hit Menkaure.
Menkaure is lightly damaged.
Menkaure sighs, "It doesn't hurt if you pull your brain out of your nose yourself."
Menkaure closely misses you.
You sock Menkaure!
Menkaure is heavily damaged.
Menkaure hits you!
You die...

.
........#.g.....#
..
.#.....÷#.>.⌠.>.#
######.#g.g....#
#.##⌠...⌠##
#..##...##
###...##'##
#........#
#.##.##.##
#@...##.##
#M#.....)#
####Z..∩....##.#
#.............$..
#.##....)>#.###..
# #....#.#:#
....#......#
.##.##.#.### #.
.......#


You could see Menkaure (fast) and a centaur skeleton.

Vanquished Creatures
  Duvessa (D:6)
  A sky beast (D:5)
  2 black bears (D:4)
  2 necrophages (D:5)
  2 ogres
  A centaur (D:5)
  A gnoll sergeant (D:6)
  A scorpion (D:4)
  Dowan (D:6)
  2 hounds
  An orc priest (D:4)
  A centaur skeleton (D:4)
  2 jellies (D:5)
  A gnoll shaman (D:6)
  An iguana (D:4)
  3 orc wizards
  A hound zombie (D:5)
  Robin (D:2)
  A howler monkey zombie (D:5)
  12 gnolls
  8 adders
  A white imp (D:5)
  An ufetubus (D:4)
  A worm (D:2)
  3 dart slugs
  14 orcs
  5 endoplasms
  2 giant cockroaches (D:4)
  13 goblins
  7 hobgoblins
  3 jackals (D:1)
  8 kobolds
  2 quokkas
  8 ball pythons
  A bat (D:2)
  6 frilled lizards
  7 rats
128 creatures vanquished.

Notes
Turn   | Place    | Note
-------+----------+-------------------------------------------
     0 | D:1      | Armakuni the Deep Elf Gladiator began the quest for the
                  | Orb.
     0 | D:1      | Reached XP level 1. HP: 12/12 MP: 3/3
   421 | D:1      | Reached XP level 2. HP: 17/17 MP: 4/4
  1294 | D:2      | Reached XP level 3. HP: 12/21 MP: 5/5
  1772 | D:2      | Noticed Robin
  1800 | D:2      | Reached skill level 4 in Staves
  1821 | D:2      | Killed Robin
  1822 | D:2      | Reached XP level 4. HP: 27/27 MP: 6/6
  2312 | D:2      | Found Xapulium's Antique Weapon Shop.
  2781 | D:3      | Gained mutation: Your mind is acute. (Int +2) [potion of
                  | mutation]
  2781 | D:3      | Gained mutation: Your spells are a little easier to cast,
                  | but a little less powerful. [potion of mutation]
  2781 | D:3      | Gained mutation: You have a pair of small antennae on your
                  | head. [potion of mutation]
  2893 | D:3      | Lost mutation: Your spells are a little easier to cast, but
                  | a little less powerful. [potion of mutation]
  2893 | D:3      | Lost mutation: Your mind is acute. (Int +2) [potion of
                  | mutation]
  2893 | D:3      | Gained mutation: You have a pair of antennae on your head.
                  | [potion of mutation]
  2893 | D:3      | Gained mutation: You possess an exceptional clarity of
                  | mind. [potion of mutation]
  3187 | D:3      | Reached XP level 5. HP: 30/32 MP: 7/7
  3238 | D:3      | Found a faded altar of an unknown god.
  3762 | D:4      | Found a white marble altar of Elyvilon.
  3762 | D:4      | Found an ancient bone altar of Kikubaaqudgha.
  3767 | D:4      | Became a worshipper of Elyvilon the Healer
  3828 | D:4      | Reached skill level 5 in Staves
  3946 | D:4      | Noticed an ogre
  3971 | D:4      | Killed an ogre
  3972 | D:4      | Reached XP level 6. HP: 38/38 MP: 8/8
  4416 | D:4      | Reached * piety under Elyvilon
  4424 | D:4      | Reached skill level 1 in Invocations
  4692 | D:3      | Reached XP level 7. HP: 44/44 MP: 8/10
  5005 | D:4      | Found a runed translucent door.
  5006 | D:4      | Noticed Crazy Yiuf
  5235 | D:4      | Reached skill level 6 in Staves
  5523 | D:5      | Entered Level 5 of the Dungeon
  5872 | D:5      | Reached skill level 1 in Evocations
  6036 | D:5      | Reached skill level 5 in Fighting
  6037 | D:5      | Reached ** piety under Elyvilon
  6048 | D:5      | Found a staircase to the Ecumenical Temple.
  6070 | Temple   | Entered the Ecumenical Temple
  6664 | D:5      | Reached XP level 8. HP: 49/49 MP: 12/12
  7463 | D:6      | Noticed Duvessa
  7463 | D:6      | Noticed Dowan
  7806 | D:2      | Bought a crude whip for 120 gold pieces
  7806 | D:2      | Identified the +4 whip "Danoadec" {venom, rElec rF+ rC+}
                  | (You bought it in a shop on level 2 of the Dungeon)
  8147 | D:6      | Reached skill level 7 in Staves
  8234 | D:6      | Found Oronujo's Jewellery Boutique.
  8765 | D:6      | Killed Duvessa
  8767 | D:6      | Noticed Menkaure
  8769 | D:6      | Killed Dowan
  8782 | D:6      | Slain by Menkaure

Illustrated notes

Levels and vault maps discovered:
D:1:      sevenhm_arrival_forest_fort_large_2, layout_loops_ring
D:2:      layout_loops_ring, serial_shops, shop, chequers_mini_garden,
          grunt_ministairs_2, minmay_tiny_reverse_x, uniq_robin
D:3:      layout_basic, basic_ecumenical_altar, kennysheep_generic_room_8
D:4:      layout_layer_cave, gammafunk_temple_overflow_elements,
          minmay_splitting_lines, uniq_crazy_yiuf_cottage
D:5:      layout_basic, minmay_temple_entry_junction,
          corexii_item_surrounded_by_moat, minmay_misc_feat_doors
D:6:      layout_loops_cross, serial_shops, shop, shop, shop_statue,
          nicolae_shop_trees, shop, grunt_ministairs_7, uniq_menkaure,
          uniq_duvessa, uniq_pikel
Temple:   mainiacjoe_temple_big_plus

Skill      XL: |  1  2  3  4  5  6  7  8 |
---------------+-------------------------+-----
Fighting       | 2 3 4 5 |  5.7
Staves         | 4 5 6 7 |  7.3
Invocations    | 1 3 4 |  4.7
Evocations     | 2 3 |  3.4
Throwing       | |  2.0
Dodging        | |  3.6

Action                   |  1- 3 |  4- 6 |  7- 9 || total
-------------------------+-------+-------+-------++-------
Melee: Quarterstaff      |   125 |   151 |   146 ||   422
       Short sword       |       |     7 |       ||     7
       Whip              |       |       |    57 ||    57
       Punch             |       |       |     2 ||     2
 Fire: Hand crossbow     |       |     2 |     2 ||     4
Throw: Throwing net      |     4 |       |     2 ||     6
Invok: Purification      |       |     1 |     1 ||     2
       Heal Other        |       |       |     3 ||     3
Evoke: Wand              |       |     3 |    18 ||    21
  Use: Scroll            |     3 |     4 |     2 ||     9
       Potion            |     1 |     5 |     3 ||     9
 Stab: Sleeping          |     5 |     3 |     1 ||     9
       Held in net/web   |     1 |       |       ||     1
Armor: Leather armour    |    31 |    55 |    45 ||   131
       Skin              |       |    14 |       ||    14
Dodge: Dodged            |    77 |   120 |   150 ||   347
